| TOP OF THE 1ST |
|
Sacramento River Cats batting - Pitching for Las Vegas 51s : LHP Lewis Thorpe Jr.
|
|
Pitching: LHP Lewis Thorpe Jr.
|
|
|
Batting: SHB Danny Garcia
|
0-0: Ball 1-0: Reached on error, E6 (Groundball, 6, EV 85.6 MPH)
|
|
Batting: RHB Hugo Zacarias
|
0-0: Ball 1-0: Ball 2-0: Foul Ball, location: 2F 2-1: Foul Ball, location: 2F 2-2: Ball 3-2: SINGLE (Groundball, 56D, EV 103.1 MPH) - runner OUT being hit by batted ball. (infield hit)
|
|
Batting: SHB Jason Spradling
|
0-0: Called Strike 0-1: Ball 1-1: Ball 2-1: Ball 3-1: Called Strike 3-2: Foul Ball, location: 2F 3-2: Ground out 1-3 (Groundball, 25, EV 70.6 MPH) Hugo Zacarias to second
|
|
Batting: RHB Nate Hodson
|
0-0: Ball 1-0: Ball 2-0: Foul Ball, location: 2F 2-1: Swinging Strike 2-2: Foul Ball, location: 2F 2-2: Ball 3-2: Base on Balls
|
|
Batting: RHB Martin Guerrero
|
0-0: Ball 1-0: Foul Ball, location: 2F 1-1: Fielders Choice at 2nd, 5-4 (Groundball, 5, EV 83.1 MPH)
|
| Top of the 1st over - 0 runs, 1 hit, 1 error, 2 left on base; Sacramento 0 - Las Vegas 0 |
| BOTTOM OF THE 1ST |
|
Las Vegas 51s batting - Pitching for Sacramento River Cats : RHP Jorge Sosa
|
|
Pitching: RHP Jorge Sosa
|
|
|
Batting: RHB Jordan Martin
|
0-0: SINGLE (Groundball, 5S, EV 68.8 MPH) (infield hit)
|
|
Batting: LHB Adam Hairston
|
0-0: Ball 1-0: Ball 2-0: Called Strike 2-1: Foul Ball, location: 2F 2-2: Fielders Choice at 2nd, 5-4 (Groundball, 15, EV 79.4 MPH)
|
|
Batting: SHB Roberto Magne
|
0-0: Ball 1-0: Called Strike 1-1: Ball Adam Hairston is caught stealing 2nd base 2-6 2-1: SINGLE (Line Drive, 7LS, EV 110.0 MPH)
|
|
Batting: SHB Billy Encinias
|
0-0: Ball 1-0: Swinging Strike 1-1: Ball 2-1: Swinging Strike 2-2: Foul Ball, location: 2F 2-2: Ball 3-2: Strikes out swinging
|
| Bottom of the 1st over - 0 runs, 2 hits, 0 errors, 1 left on base; Sacramento 0 - Las Vegas 0 |
| TOP OF THE 2ND |
|
Sacramento River Cats batting - Pitching for Las Vegas 51s : LHP Lewis Thorpe Jr.
|
|
Batting: LHB Nick Swank
|
0-0: Ball 1-0: Called Strike 1-1: Ball 2-1: Called Strike 2-2: Strikes out swinging
|
|
Batting: LHB Dave Talbert
|
0-0: Ground out 4-3 (Groundball, 4, EV 90.0 MPH)
|
|
Batting: LHB Juan Gonzalez
|
0-0: Ball 1-0: Ball 2-0: Ground out 6-3 (Groundball, 4M, EV 91.3 MPH)
|
| Top of the 2nd over - 0 runs, 0 hits, 0 errors, 0 left on base; Sacramento 0 - Las Vegas 0 |
| BOTTOM OF THE 2ND |
|
Las Vegas 51s batting - Pitching for Sacramento River Cats : RHP Jorge Sosa
|
|
Batting: LHB Marc Durgin
|
0-0: Called Strike 0-1: Ground out 5-3 (Groundball, 56, EV 87.5 MPH)
|
|
Batting: LHB Sal Fernandez
|
0-0: Foul Ball, location: 2F 0-1: Ball 1-1: Swinging Strike 1-2: Ground out 4-3 (Groundball, 4M, EV 90.6 MPH)
|
|
Batting: LHB Ben Goldstein
|
0-0: Ball 1-0: Called Strike 1-1: Called Strike 1-2: Foul Ball, location: 2F 1-2: Ball 2-2: Strikes out swinging
|
| Bottom of the 2nd over - 0 runs, 0 hits, 0 errors, 0 left on base; Sacramento 0 - Las Vegas 0 |
| TOP OF THE 3RD |
|
Sacramento River Cats batting - Pitching for Las Vegas 51s : LHP Lewis Thorpe Jr.
|
|
Batting: RHB Roberto Duron
|
0-0: Called Strike 0-1: SINGLE (Groundball, 56S, EV 71.3 MPH) (infield hit)
|
|
Batting: SHB Danny Garcia
|
0-0: Fielders Choice at 2nd, 6-4 (Groundball, 56, EV 90.0 MPH)
|
|
Batting: RHB Hugo Zacarias
|
0-0: Ball 1-0: Foul Ball, location: 2F 1-1: Fielders Choice at 2nd, 5-4 (Groundball, 56, EV 101.3 MPH)
|
|
Batting: SHB Jason Spradling
|
0-0: Called Strike 0-1: Foul Ball, location: 2F 0-2: SINGLE (Groundball, 56D, EV 107.5 MPH) Hugo Zacarias to second
|
|
Batting: RHB Nate Hodson
|
0-0: Ball 1-0: Ball 2-0: Called Strike 2-1: Ball 3-1: Base on Balls Hugo Zacarias to third Jason Spradling to second
|
|
Batting: RHB Martin Guerrero
|
0-0: Called Strike 0-1: Ball 1-1: Ball 2-1: Ball 3-1: SINGLE (Flyball, 78S, EV 90.0 MPH) Hugo Zacarias scores Jason Spradling to third Nate Hodson to second Runner from 3rd tries for Home, throw by LF and OUT! 7-2
|
| Top of the 3rd over - 1 run, 3 hits, 0 errors, 2 left on base; Sacramento 1 - Las Vegas 0 |
| BOTTOM OF THE 3RD |
|
Las Vegas 51s batting - Pitching for Sacramento River Cats : RHP Jorge Sosa
|
|
Batting: RHB Masaya Nakamura
|
0-0: Ball 1-0: Called Strike 1-1: Fly out, F8 (Line Drive, 8LM, EV 96.9 MPH)
|
|
Batting: RHB Yoshiro Higuchi
|
0-0: Ground out 4-3 (Groundball, 4, EV 83.1 MPH)
|
|
Batting: RHB Jordan Martin
|
0-0: Swinging Strike 0-1: Ball 1-1: Foul Ball, location: 2F 1-2: Ground out 6-3 (Groundball, 6, EV 88.1 MPH)
|
| Bottom of the 3rd over - 0 runs, 0 hits, 0 errors, 0 left on base; Sacramento 1 - Las Vegas 0 |
| TOP OF THE 4TH |
|
Sacramento River Cats batting - Pitching for Las Vegas 51s : LHP Lewis Thorpe Jr.
|
|
Batting: LHB Nick Swank
|
0-0: Foul Ball, location: 2F 0-1: Foul Ball, location: 2F 0-2: Ball 1-2: Strikes out swinging
|
|
Batting: LHB Dave Talbert
|
0-0: Ground out 4-3 (Groundball, 4, EV 106.9 MPH)
|
|
Batting: LHB Juan Gonzalez
|
0-0: Foul Ball, location: 2F 0-1: Ball 1-1: Ball 2-1: Foul Ball, location: 2F 2-2: Ball 3-2: Fly out, F8 (Line Drive, 8RD, EV 107.5 MPH)
|
| Top of the 4th over - 0 runs, 0 hits, 0 errors, 0 left on base; Sacramento 1 - Las Vegas 0 |
| BOTTOM OF THE 4TH |
|
Las Vegas 51s batting - Pitching for Sacramento River Cats : RHP Jorge Sosa
|
|
Batting: LHB Adam Hairston
|
0-0: Ball 1-0: Swinging Strike 1-1: Bunt missed! 1-2: Strikes out looking
|
|
Batting: SHB Roberto Magne
|
0-0: Ball 1-0: Swinging Strike 1-1: Ball 2-1: Ground out 6-3 (Groundball, 6S, EV 69.4 MPH)
|
|
Batting: SHB Billy Encinias
|
0-0: Swinging Strike 0-1: Ball 1-1: Ball 2-1: Swinging Strike 2-2: Foul Ball, location: 2F 2-2: Ball 3-2: Base on Balls
|
|
Batting: LHB Marc Durgin
|
0-0: Foul Ball, location: 2F 0-1: Swinging Strike 0-2: Strikes out swinging
|
| Bottom of the 4th over - 0 runs, 0 hits, 0 errors, 1 left on base; Sacramento 1 - Las Vegas 0 |
| TOP OF THE 5TH |
|
Sacramento River Cats batting - Pitching for Las Vegas 51s : LHP Lewis Thorpe Jr.
|
|
Batting: RHB Roberto Duron
|
0-0: Called Strike 0-1: Ball 1-1: Fly out, F7 (Flyball, 78D, EV 82.5 MPH)
|
|
Pitching: RHP Bryan Dorne
|
|
|
Batting: SHB Danny Garcia
|
0-0: Ball 1-0: Called Strike 1-1: SINGLE (Line Drive, 8LS, EV 101.3 MPH)
|
|
Batting: RHB Hugo Zacarias
|
0-0: Ball Danny Garcia steals 2nd base 1-0: Ground out 4-3 (Groundball, 4M, EV 100.0 MPH) Danny Garcia to third
|
|
Batting: SHB Jason Spradling
|
0-0: Ground out U3 (Groundball, 34D, EV 98.1 MPH)
|
| Top of the 5th over - 0 runs, 1 hit, 0 errors, 1 left on base; Sacramento 1 - Las Vegas 0 |
| BOTTOM OF THE 5TH |
|
Las Vegas 51s batting - Pitching for Sacramento River Cats : RHP Jorge Sosa
|
|
Batting: LHB Sal Fernandez
|
0-0: Ball 1-0: Swinging Strike 1-1: TRIPLE (Flyball, 89XD, EV 93.1 MPH)
|
|
Batting: LHB Ben Goldstein
|
0-0: Ball 1-0: Ball 2-0: Swinging Strike 2-1: Foul Ball, location: 2F 2-2: Strikes out swinging
|
|
Batting: RHB Masaya Nakamura
|
0-0: Swinging Strike 0-1: Swinging Strike 0-2: Ball 1-2: Foul Ball, location: 2F 1-2: SINGLE (Line Drive, 8LM, EV 95.6 MPH) Sal Fernandez scores
|
|
Batting: RHB Yoshiro Higuchi
|
0-0: Ball 1-0: Ball 2-0: SINGLE (Line Drive, 78S, EV 90.6 MPH) Masaya Nakamura to second
|
|
Batting: RHB Jordan Martin
|
0-0: Fielders Choice at 2nd, 1-6 (Groundball, 13S, EV 69.4 MPH) Masaya Nakamura to third
|
|
Batting: LHB Adam Hairston
|
0-0: Ball 1-0: Ball 2-0: Ball Jordan Martin is caught stealing 2nd base 2-6
|
| Bottom of the 5th over - 1 run, 3 hits, 0 errors, 1 left on base; Sacramento 1 - Las Vegas 1 |
| TOP OF THE 6TH |
|
Sacramento River Cats batting - Pitching for Las Vegas 51s : RHP Bryan Dorne
|
|
Batting: RHB Nate Hodson
|
0-0: Ground out 5-3 (Groundball, 5, EV 83.1 MPH)
|
|
Batting: RHB Martin Guerrero
|
0-0: Ball 1-0: Ball 2-0: Ball 3-0: Base on Balls
|
|
Batting: LHB Nick Swank
|
0-0: Fly out, F8 (Flyball, 89D, EV 87.5 MPH)
|
|
Batting: LHB Dave Talbert
|
0-0: Fly out, F5 (Popup, 5F, EV 79.4 MPH)
|
| Top of the 6th over - 0 runs, 0 hits, 0 errors, 1 left on base; Sacramento 1 - Las Vegas 1 |
| BOTTOM OF THE 6TH |
|
Las Vegas 51s batting - Pitching for Sacramento River Cats : RHP Jorge Sosa
|
|
Batting: LHB Adam Hairston
|
0-0: Foul Ball, location: 2F 0-1: Ball 1-1: Ball 2-1: Foul Ball, location: 2F 2-2: Ball 3-2: Ground out 6-3 (Groundball, 6D, EV 98.8 MPH)
|
|
Pitching: RHP Taiji Morita
|
|
|
Batting: SHB Roberto Magne
|
0-0: Called Strike 0-1: Ball 1-1: Ball 2-1: Fly out, F7 (Flyball, 7LM, EV 92.5 MPH)
|
|
Batting: SHB Billy Encinias
|
0-0: SINGLE (Groundball, 5S, EV 73.1 MPH) (infield hit)
|
|
Batting: LHB Marc Durgin
|
0-0: Ball 1-0: Swinging Strike 1-1: Ball 2-1: SINGLE (Line Drive, 89M, EV 90.6 MPH) Billy Encinias to second Runner from 2nd tries for 3rd, SAFE, throw by RF made at trailing runner, OUT! 9-6
|
| Bottom of the 6th over - 0 runs, 2 hits, 0 errors, 1 left on base; Sacramento 1 - Las Vegas 1 |
| TOP OF THE 7TH |
|
Sacramento River Cats batting - Pitching for Las Vegas 51s : RHP Bryan Dorne
|
|
Batting: LHB Juan Gonzalez
|
0-0: Foul Ball, location: 2F 0-1: Foul Ball, location: 2F 0-2: Ground out 4-3 (Groundball, 34D, EV 88.8 MPH)
|
|
Batting: RHB Roberto Duron
|
0-0: Called Strike 0-1: Ball 1-1: Swinging Strike 1-2: Ball 2-2: Ball 3-2: Base on Balls
|
|
Batting: SHB Danny Garcia
|
Pickoff Throw to First - Out! 1-3 0-0: Foul Ball, location: 2F 0-1: Ball 1-1: Called Strike 1-2: Foul Ball, location: 2F 1-2: Ball 2-2: Foul Ball, location: 2F 2-2: Foul Ball, location: 2F 2-2: Ball 3-2: Base on Balls
|
|
Batting: RHB Hugo Zacarias
|
0-0: Called Strike Danny Garcia steals 2nd base 0-1: Ball 1-1: Foul Ball, location: 2F 1-2: Ball 2-2: 2-RUN HOME RUN (Flyball, 7D, EV 95.6 MPH), Distance : 382 ft
|
|
Batting: SHB Jason Spradling
|
0-0: Called Strike 0-1: Ball 1-1: Called Strike 1-2: Foul Ball, location: 2F 1-2: Fly out, F8 (Line Drive, 8LD, EV 88.8 MPH)
|
| Top of the 7th over - 2 runs, 1 hit, 0 errors, 0 left on base; Sacramento 3 - Las Vegas 1 |
| BOTTOM OF THE 7TH |
|
Las Vegas 51s batting - Pitching for Sacramento River Cats : RHP Taiji Morita
|
|
Batting: LHB Sal Fernandez
|
0-0: Ball 1-0: Fly out, F8 (Flyball, 8LM, EV 80.0 MPH)
|
|
Batting: LHB Ben Goldstein
|
0-0: Ball 1-0: Swinging Strike 1-1: Called Strike 1-2: Ball 2-2: Foul Ball, location: 2F 2-2: SINGLE (Groundball, 34D, EV 108.8 MPH)
|
|
Batting: RHB Masaya Nakamura
|
0-0: Ball 1-0: Grounds into double play, 6-4-3 (Groundball, 6, EV 87.5 MPH)
|
| Bottom of the 7th over - 0 runs, 1 hit, 0 errors, 0 left on base; Sacramento 3 - Las Vegas 1 |
| TOP OF THE 8TH |
|
Sacramento River Cats batting - Pitching for Las Vegas 51s : RHP Bryan Dorne
|
|
Pitching: RHP Ian Daniels
|
|
|
Batting: RHB Nate Hodson
|
0-0: Ball 1-0: Foul Ball, location: 2F 1-1: Ball 2-1: Foul Ball, location: 2F 2-2: Fly out, F9 (Flyball, 9, EV 86.3 MPH)
|
|
Batting: RHB Martin Guerrero
|
0-0: Ball 1-0: Ball 2-0: Ball 3-0: Called Strike 3-1: Swinging Strike 3-2: Base on Balls
|
|
Batting: LHB Nick Swank
|
0-0: 2-RUN HOME RUN (Flyball, 89XD, EV 107.5 MPH), Distance : 412 ft
|
|
Batting: LHB Dave Talbert
|
0-0: Called Strike 0-1: Ball 1-1: Ball 2-1: Swinging Strike 2-2: Strikes out swinging
|
|
Batting: LHB Juan Gonzalez
|
0-0: Swinging Strike 0-1: Foul Ball, location: 2F 0-2: Ground out 4-3 (Groundball, 4, EV 85.6 MPH)
|
| Top of the 8th over - 2 runs, 1 hit, 0 errors, 0 left on base; Sacramento 5 - Las Vegas 1 |
| BOTTOM OF THE 8TH |
|
Las Vegas 51s batting - Pitching for Sacramento River Cats : RHP Taiji Morita
|
|
Pitching: RHP Cortez Laris
|
|
|
Batting: RHB Yoshiro Higuchi
|
0-0: Called Strike 0-1: SINGLE (Groundball, 6MD, EV 100.6 MPH)
|
|
Batting: RHB Jordan Martin
|
0-0: Foul Ball, location: 2F 0-1: Foul Ball, location: 2F 0-2: Foul Ball, location: 2F 0-2: Ball 1-2: Foul Ball, location: 2F 1-2: Ball 2-2: Ball 3-2: Base on Balls Yoshiro Higuchi to second
|
|
Batting: LHB Adam Hairston
|
0-0: Ball 1-0: Ball 2-0: Foul Ball, location: 2F 2-1: Foul Ball, location: 2F 2-2: Foul Ball, location: 2F 2-2: Fly out, F5 (Popup, 56, EV 71.9 MPH)
|
|
Batting: SHB Roberto Magne
|
0-0: Fielders Choice at 2nd, 4-6 (Groundball, 4M, EV 106.3 MPH) Yoshiro Higuchi to third
|
|
Batting: SHB Billy Encinias
|
0-0: Called Strike 0-1: Swinging Strike 0-2: Ball 1-2: Fly out, F8 (Flyball, 8LS, EV 76.3 MPH)
|
| Bottom of the 8th over - 0 runs, 1 hit, 0 errors, 2 left on base; Sacramento 5 - Las Vegas 1 |
| TOP OF THE 9TH |
|
Sacramento River Cats batting - Pitching for Las Vegas 51s : RHP Ian Daniels
|
|
Batting: RHB Roberto Duron
|
0-0: Ball 1-0: Ball 2-0: Swinging Strike 2-1: Swinging Strike 2-2: Foul Ball, location: 2F 2-2: Fly out, F3 (Popup, 3SF, EV 78.8 MPH)
|
|
Batting: SHB Danny Garcia
|
0-0: Called Strike 0-1: Swinging Strike 0-2: Strikes out looking
|
|
Batting: RHB Hugo Zacarias
|
0-0: Called Strike 0-1: Called Strike 0-2: DOUBLE (Line Drive, 8RXD, EV 105.6 MPH)
|
|
Batting: SHB Jason Spradling
|
0-0: Ball 1-0: Foul Ball, location: 2F 1-1: Foul Ball, location: 2F 1-2: Foul Ball, location: 2F 1-2: Strikes out looking
|
| Top of the 9th over - 0 runs, 1 hit, 0 errors, 1 left on base; Sacramento 5 - Las Vegas 1 |
| BOTTOM OF THE 9TH |
|
Las Vegas 51s batting - Pitching for Sacramento River Cats : RHP Cortez Laris
|
|
Batting: LHB Marc Durgin
|
0-0: Ball 1-0: Ball 2-0: Ball 3-0: Base on Balls
|
|
Batting: LHB Sal Fernandez
|
0-0: Ball 1-0: Reached on error, E3 (Groundball, 3, EV 83.1 MPH) Marc Durgin to second
|
|
Batting: LHB Ben Goldstein
|
0-0: Called Strike 0-1: Swinging Strike 0-2: Ball 1-2: DOUBLE (Line Drive, 5D, EV 97.5 MPH) Marc Durgin scores Sal Fernandez to third
|
|
Batting: RHB Masaya Nakamura
|
0-0: Ball 1-0: SINGLE (Groundball, 6MD, EV 94.4 MPH) Sal Fernandez scores Ben Goldstein to third
|
|
Batting: RHB Yoshiro Higuchi
|
0-0: Ball 1-0: Ball 2-0: Ball 3-0: Base on Balls Masaya Nakamura to second
|
|
Pitching: RHP Herman Ruiz
|
|
|
Batting: RHB Jordan Martin
|
0-0: Foul Ball, location: 2F 0-1: Called Strike 0-2: Foul Ball, location: 2F 0-2: Ball 1-2: Strikes out swinging
|
|
Batting: LHB Adam Hairston
|
0-0: Ball 1-0: Called Strike 1-1: Foul Ball, location: 2F 1-2: Strikes out swinging
|
|
Batting: SHB Roberto Magne
|
0-0: Called Strike 0-1: Ball 1-1: Ball 2-1: SINGLE (Groundball, 6MD, EV 103.1 MPH) Ben Goldstein scores Masaya Nakamura to third Yoshiro Higuchi to second Runner from 3rd tries for Home, SAFE, throw by CF to home
|
|
Batting: SHB Billy Encinias
|
0-0: Ball 1-0: Ball 2-0: Foul Ball, location: 2F 2-1: Fly out, F8 (Flyball, 8RD, EV 91.3 MPH)
|
| Bottom of the 9th over - 4 runs, 3 hits, 1 error, 2 left on base; Sacramento 5 - Las Vegas 5 |
| TOP OF THE 10TH |
|
Sacramento River Cats batting - Pitching for Las Vegas 51s : RHP Ian Daniels
|
|
Pitching: RHP Ben Dicks
|
|
|
Batting: RHB Nate Hodson
|
0-0: Ground out U3 (Groundball, 23, EV 76.9 MPH)
|
|
Batting: RHB Martin Guerrero
|
0-0: Ball 1-0: Foul Ball, location: 2F 1-1: Ball 2-1: Fly out, F8 (Flyball, 8RXD, EV 80.6 MPH)
|
|
Batting: LHB Nick Swank
|
0-0: Called Strike 0-1: Called Strike 0-2: Foul Ball, location: 2F 0-2: Ball 1-2: Ball 2-2: Strikes out swinging
|
| Top of the 10th over - 0 runs, 0 hits, 0 errors, 0 left on base; Sacramento 5 - Las Vegas 5 |
| BOTTOM OF THE 10TH |
|
Las Vegas 51s batting - Pitching for Sacramento River Cats : RHP Herman Ruiz
|
|
Batting: LHB Marc Durgin
|
0-0: Ball 1-0: Called Strike 1-1: Ball 2-1: Foul Ball, location: 2F 2-2: Strikes out swinging
|
|
Batting: LHB Sal Fernandez
|
0-0: Ball 1-0: Ground out 3-1 (Groundball, 34, EV 78.8 MPH)
|
|
Batting: LHB Ben Goldstein
|
0-0: Called Strike 0-1: DOUBLE (Line Drive, 8RXD, EV 100.0 MPH)
|
|
Batting: RHB Masaya Nakamura
|
0-0: Ball 1-0: Ball 2-0: DOUBLE (Flyball, 78D, EV 111.9 MPH) Ben Goldstein scores
|
| Bottom of the 10th over - 1 run, 2 hits, 0 errors, 0 left on base; Sacramento 5 - Las Vegas 6 |
| |
|
Game Over ... Las Vegas defeats Sacramento, 6 to 5
|
|
|